 Dungeon Crawl Stone Soup version 0.19.5 (webtiles) character file.

9 Psykotik the Sneak (level 2, -2/14 HPs)
             Began as a Spriggan Assassin on June 14, 2017.
             Slain by a gnoll
             ... wielding a cursed -3 spear
              (7 damage)
             ... on level 1 of the Dungeon.
             The game lasted 00:02:34 (428 turns).

Psykotik the Sneak (Spriggan Assassin)               Turns: 428, Time: 00:02:35

Health: -2/14      AC:  3    Str:  7    XL:     2   Next: 6%
Magic:  3/3        EV: 17    Int: 12    God:
Gold:   16         SH:  0    Dex: 17    Spells: 0 memorised, 1 level left

rFire  . . .     SeeInvis +     a - +2 dagger
rCold  . . .     Gourm    .     c - +0 robe
rNeg   . . .     Faith    .     (shield restricted)
rPois  .         Spirit   .     (helmet restricted)
rElec  .         Reflect  .     d - +0 cloak
rCorr  .         Harm     .     (gloves unavailable)
MR     .....                    (boots unavailable)
Stlth  +++.......               (no amulet)
                                (no ring)
                                (no ring)

@: very quick
A: unfitting armour, see invisible, herbivore 3, speed 3, slow metabolism 2
a: no special abilities


You were on level 1 of the Dungeon.
You were not hungry.

You visited 1 branch of the dungeon, and saw 1 of its levels.

You collected 16 gold pieces.

Inventory:

Hand Weapons
 a - a +2 dagger (weapon)
 b - a +0 blowgun
 l - a +2 whip of flaming
 o - a +0 club
 q - a +0 short sword
Missiles
 e - 8 poisoned needles
 n - 27 stones (quivered)
Armour
 c - a +0 robe (worn)
 d - a +0 cloak (worn)
 m - a +0 leather armour
Jewellery
 p - a cursed ring of teleportation {unknown}
Scrolls
 h - a scroll of fear {unknown}
 r - a scroll of recharging {unknown}
Potions
 i - a potion of degeneration {unknown}
 k - a potion of invisibility {unknown}
Comestibles
 g - a bread ration
 j - a slice of pizza


   Skills:
 + Level 1.6 Fighting
 + Level 2.3 Short Blades
 + Level 2.0 Throwing
 + Level 1.9 Dodging
 + Level 6.2 Stealth


You had one spell level left.
You didn't know any spells.

Dungeon Overview and Level Annotations

Branches:
Dungeon (1/15)

Altars:


Innate Abilities, Weirdness & Mutations

You are very small and have problems with some larger weapons.
You are too small for most types of armour.
You have supernaturally acute eyesight. (SInv)
You are a herbivore.
You cover ground extremely quickly.
You need consume almost no food.


Message History

Press: ? - help, Shift-Dir - straight line, f - gnoll
Aim: a gnoll, wielding a spear (hasn't noticed you)
You toss away a curare-tipped needle.
The curare-tipped needle hits the gnoll.
The gnoll shouts!
The gnoll hits you but does no damage. The gnoll barely misses you.
Tossing away (i - inventory. (,) - cycle):
f - a curare-tipped needle (quivered)
Press: ? - help, Shift-Dir - straight line, f/p - gnoll
Aim: a gnoll, wielding a spear You toss away a curare-tipped needle.
The curare-tipped needle closely misses the gnoll.
The gnoll barely misses you.
Throwing (i - inventory):
n - 28 stones (quivered)
Press: ? - help, Shift-Dir - straight line, f/p - gnoll
Aim: a gnoll, wielding a spear You throw a stone.
The stone hits the gnoll but does no damage.
The gnoll hits you from afar with a spear!
Ouch! That really hurt!
You die...

+..####...
#....##.########
#........†......
#.......#.#.####
#.#.###.#...#
#...#...#..#####
#...#...#.......
#########...#...##..##..
(....g.@..###...........
(.....#######....##.#...
..... .........#.##.##..
(... .........+.##.##.#
... .........####..#.#
.. .........# ##.#.# #
.........#####...#
.##).##...#...#..#
.....#...#.#.#..#


You could see a gnoll.

Vanquished Creatures
  A dart slug (D:1)
  A hobgoblin (D:1)
  2 kobolds (D:1)
  3 bats (D:1)
  A rat (D:1)
8 creatures vanquished.

Notes
Turn   | Place    | Note
-------+----------+-------------------------------------------
     0 | D:1      | Psykotik the Spriggan Assassin began the quest for the Orb.
     0 | D:1      | Reached XP level 1. HP: 10/10 MP: 2/2
    74 | D:1      | Reached skill level 6 in Stealth
   345 | D:1      | Reached XP level 2. HP: 6/14 MP: 3/3
   428 | D:1      | Slain by a gnoll

Skill      XL: |  1 |
---------------+----+-----
Stealth        | 6 |  6.2
Fighting       | |  1.6
Short Blades   | |  2.3
Throwing       | |  2.0
Dodging        | |  1.9

Action                   || total
-------------------------++-------
Melee: Dagger            ||    28
Throw: Stone             ||     4
 Stab: Sleeping          ||     3
Armor: Robe              ||     5
Dodge: Dodged            ||    19
